 Dungeon Crawl Stone Soup version 0.21-a0-538-gd16b88a (webtiles) character file.

69 slep the Chopper (level 4, -3/33 HPs)
             Began as a Demonspawn Gladiator on Dec 15, 2017.
             Slain by a leopard gecko (5 damage)
             ... on level 3 of the Dungeon.
             The game lasted 00:03:33 (1368 turns).

slep the Chopper (Demonspawn Gladiator)             Turns: 1368, Time: 00:03:33

Health: -3/33      AC:  3    Str: 14    XL:     4   Next: 2%
Magic:  0/4        EV: 12    Int: 10    God:
Gold:   41         SH:  3    Dex: 15    Spells: 3/3 levels left

rFire    . . .     SeeInvis .   a - +0 war axe
rCold    . . .     Gourm    .   w - +0 buckler
rNeg     . . .     Faith    .   b - +0 leather armour
rPois    .         Spirit   +   (helmet restricted)
rElec    .         Reflect  .   (no cloak)
rCorr    .         Harm     .   (no gloves)
MR       .....                  (no boots)
Stlth    +.........             (no amulet)
HPRegen  0.11/turn              (no ring)
MPRegen  0.09/turn              (no ring)

@: no status effects
A: horns 1, powered by death 1, magic shield
a: no special abilities


You were on level 3 of the Dungeon.
You were not hungry.

You visited 1 branch of the dungeon, and saw 3 of its levels.

You collected 41 gold pieces.

Inventory:

Hand Weapons
 a - a +0 war axe (weapon)
Missiles
 d - 3 throwing nets (quivered)
Armour
 b - a +0 leather armour (worn)
 c - a +0 helmet
 w - a +0 buckler (worn)
Jewellery
 m - a cursed ring of loudness {unknown}
 n - an uncursed ring of protection from cold {unknown}
Scrolls
 e - 2 scrolls of remove curse {unknown}
 h - a scroll of enchant weapon {unknown}
 i - a scroll of fear {unknown}
 j - a scroll of random uselessness {unknown}
 r - a scroll of amnesia {unknown}
 s - a scroll of immolation {unknown}
 t - 2 scrolls of identify {unknown}
 u - a scroll of teleportation {unknown}
Potions
 g - a potion of lignification {unknown}
 k - a potion of ambrosia {unknown}
 l - 3 potions of curing {unknown}
 o - a potion of might {unknown}
 q - 2 potions of heal wounds {unknown}
Comestibles
 f - 2 bread rations
 p - a royal jelly


   Skills:
 + Level 2.2 Fighting
 + Level 3.6 Axes
 + Level 1.9 Throwing
 + Level 0.5 Armour
 + Level 3.2 Dodging
 + Level 0.7 Stealth


You had 3 spell levels left.
You didn't know any spells.

Dungeon Overview and Level Annotations

Branches:
Dungeon (3/15)

Altars:


Innate Abilities, Weirdness & Mutations

You have a pair of small horns on your head.
You regenerate a little health from kills.
When hurt, damage is shared between your health and your magic reserves.


Message History

You miss the bat.
You hear a shout!
The bat closely misses you. The bat hits you. The worm bites you!
* * * LOW HITPOINT WARNING * * *
A goblin and an orc come into view.
A giant cockroach comes into view.
The bat hits you.
* * * LOW HITPOINT WARNING * * *
There is a stone staircase leading up here.
The goblin shouts!
The bat closely misses you.
A hobgoblin and an orc come into view.
You closely miss the rat. Your headbutt misses the rat. You hit the kobold.
You kill the kobold!
You barely miss the worm. The bat barely misses you.
The rat bites you but does no damage. The worm bites you!
* * * LOW HITPOINT WARNING * * *
The rat bites you but does no damage. The bat completely misses you.
The leopard gecko bites you.
You die...

.........#
..........
.........#
.........# #.
.........###...
.......g....o.o
.............##
#.#lwr.o...#
#.$.@†oo....
##..b.......
#.......g..
#..........
#...s......
##........#
..........
..........


You could see a worm, 5 orcs, a leopard gecko, a giant cockroach, a hobgoblin, a
goblin, a bat and a rat.

Vanquished Creatures
  2 adders (D:2)
  2 leopard geckos (D:1)
  5 bats
  5 giant cockroaches
  8 hobgoblins
  A quokka (D:2)
  3 frilled lizards
  7 goblins
  6 kobolds
  7 rats
46 creatures vanquished.

Notes
Turn   | Place    | Note
-------+----------+-------------------------------------------
     0 | D:1      | slep the Demonspawn Gladiator began the quest for the Orb.
     0 | D:1      | Reached XP level 1. HP: 16/16 MP: 1/1
    93 | D:1      | Gained mutation: You have a pair of small horns on your head. [demonic ancestry]
    93 | D:1      | Reached XP level 2. HP: 20/22 MP: 2/2
   566 | D:1      | Gained mutation: When hurt, damage is shared between your health and your magic reserves. [demonic ancestry]
   566 | D:1      | Reached XP level 3. HP: 25/27 MP: 3/3
  1362 | D:3      | Gained mutation: You regenerate a little health from kills. [demonic ancestry]
  1362 | D:3      | Reached XP level 4. HP: 17/33 MP: 4/4
  1368 | D:3      | Slain by a leopard gecko

Vault maps used:
D:1:      minmay_arrival_diagonal_passages
D:3:      first_bread, uniq_terence

Skill      XL: |  1  2 |
---------------+-------+-----
Axes           | 3 |  3.6
Dodging        | 3 |  3.2
Fighting       | |  2.2
Throwing       | |  1.9
Armour         | |  0.5
Stealth        | |  0.7

Action                   |  1- 3 |  4- 6 || total
-------------------------+-------+-------++-------
Melee: War axe           |   109 |     2 ||   111
       Headbutt          |    12 |       ||    12
 Stab: Sleeping          |     2 |       ||     2
  Eat: Chunk             |     2 |       ||     2
Armor: Leather armour    |    38 |     2 ||    40
Dodge: Dodged            |   106 |     5 ||   111
Block: Buckler           |       |     1 ||     1

Table legend:
 A = Spawn XP
 B = Non-spawn XP
 C = Spawn XP percentage of total XP
 D = Spawn monster count
 E = Non-spawn monster count
 F = Spawn count percentage of total count
 G = Total turns spent on level
                    A         B        C        D         E        F      G
               +---------+---------+-------+---------+---------+-------+---------
         Total |       0 |      99 |   0.0 |       0 |      46 |   0.0 |  1368
               +---------+---------+-------+---------+---------+-------+---------
           D:1 |       0 |      46 |   0.0 |       0 |      26 |   0.0 |   742
           D:2 |       0 |      50 |   0.0 |       0 |      18 |   0.0 |   619
           D:3 |       0 |       3 |   0.0 |       0 |       2 |   0.0 |     7
               +---------+---------+-------+---------+---------+-------+---------
